 Dungeon Crawl Stone Soup version 0.28.0-47-ge53b351184 (webtiles) character file.

Game seed: 5064955336488698388

39 Descartes the Vexing (level 3, -1/33 HPs)
             Began as a Troll Arcane Marksman on May 10, 2022.
             Slain by Robin
             ... wielding a +2 spear of freezing
              (3 damage)
             ... on level 3 of the Dungeon.
             The game lasted 00:02:09 (1036 turns).

Descartes the Vexing (Troll Arcane Marksman)        Turns: 1036, Time: 00:02:10

Health: -1/33      AC:  5    Str: 18    XL:     3   Next: 28%
Magic:  3/3        EV: 10    Int: 11    God:
Gold:   70         SH:  0    Dex: 10    Spells: 3/4 levels left

rFire   . . .      SeeInvis .     - Unarmed
rCold   . . .      Faith    .   (no shield)
rNeg    . . .      Spirit   .   e - +1 robe {Will+}
rPois   .          Reflect  .   (helmet restricted)
rElec   .          Harm     .   (no cloak)
rCorr   +          Rampage  .   (gloves unavailable)
Will    +....                   (boots unavailable)
Stlth   +.........              (no amulet)
HPRegen 0.91/turn               h - ring of resist corrosion
MPRegen 0.08/turn               (no ring)

@: no status effects
A: large, unfitting armour, claws 3, regeneration 1, shaggy fur 1, tough skin 1
a: no special abilities


You were on level 3 of the Dungeon.
You visited 1 branch of the dungeon, and saw 4 of its levels.

You collected 70 gold pieces.

Inventory:

Missiles
 b - 8 large rocks (quivered)
 c - 2 throwing nets
 f - 14 arrows
 g - 29 sling bullets
 l - 4 javelins
 m - 46 stones
Armour
 e - a +1 robe of willpower (worn)
Magical Staves
 n - a staff of conjuration
Jewellery
 h - a ring of resist corrosion (left claw)
 o - a ring of willpower
Scrolls
 a - 2 scrolls of fear {unknown}
Potions
 d - a potion of flight {unknown}
 i - a potion of invisibility {unknown}
 j - a potion of resistance {unknown}
 k - a potion of curing {unknown}


   Skills:
 + Level 1.2 Fighting
 + Level 2.1 Throwing
 + Level 1.9 Dodging
 + Level 1.0 Unarmed Combat
 + Level 1.2 Spellcasting
 + Level 2.1 Hexes


You had 3 spell levels left.
You knew the following spells:

 Your Spells              Type           Power      Damage    Failure   Level
a - Slow                  Hex            20%        N/A       13%         1

Your spell library contained the following spells:

 Spells                   Type           Power      Damage    Failure   Level
 Inner Flame              Hex/Fire       3%         N/A       52%         3
 Portal Projectile        Hex/Tloc       6%         N/A       52%         3
 Cause Fear               Hex            2%         N/A       78%         4
 Animate Dead             Necr           0%         N/A       97%         4
 Borgnjor's Vile Clutch   Necr/Erth      0%         N/A       100%        5
 Death Channel            Necr           0%         N/A       100%        6


Dungeon Overview and Level Annotations

Branches:
Dungeon (4/15)
 Temple: D:4-7

Altars:
Fedhas
Nemelex Xobeh

Annotations:
D:2 Natasha
D:3 1 transporter, Robin


Innate Abilities, Weirdness & Mutations

You are too large for most types of armour.
You have claws for hands.
Your natural rate of healing is unusually fast.
You are covered in fur. (AC +1)
You have tough skin. (AC +1)


Message History

The goblin barely misses you.
Robin hits you with a +2 spear of freezing.
Robin freezes you.
You are too injured to fight recklessly!
You are too injured to fight recklessly!
You are too injured to fight recklessly!
You are too injured to fight recklessly!
You are too injured to fight recklessly!
You are too injured to fight recklessly!
You scratch the goblin but do no damage.
A goblin comes into view. It is wielding a +0 club.
The goblin barely misses you.
Robin hits you with a +2 spear of freezing.
* * * LOW HITPOINT WARNING * * *
Robin freezes you.
* * * LOW HITPOINT WARNING * * *
You barely miss the goblin. The goblin hits you but does no damage.
You scratch the goblin.
You kill the goblin!
Robin throws the goblin at you!
Unknown command.
You scratch the goblin.
The goblin is moderately wounded.
The goblin hits you but does no damage.
You scratch the goblin.
The goblin is heavily wounded.
The goblin no longer looks unusually strong.
The goblin hits you but does no damage.
You closely miss the goblin.
The goblin is heavily wounded.
A goblin comes into view. It is wielding a +0 dagger.
The goblin hits you with a +0 dagger.
* * * LOW HITPOINT WARNING * * *
Robin barely misses you.
You claw the goblin!
You kill the goblin!
Robin hits you with a +2 spear of freezing!
* * * LOW HITPOINT WARNING * * *
Robin freezes you.
You die...

#.# #<......
<.#.######..###.
#.#.............
#.########..#### #.#
#.†#### #.# #......
#.# #.#####
.##.#####.########.#
.....gg@)...†......#
#####g###.##########
# #.# #.# ..# ###


You could see Robin and 2 goblins.

Vanquished Creatures
  A worm (D:2)
  A dart slug (D:1)
  An orc (D:3)
  A ball python (D:4)
  2 endoplasms (D:1)
  3 giant cockroaches
  5 goblins
  3 hobgoblins
  4 jackals (D:1)
  4 kobolds
  2 quokkas
  A bat (D:1)
  A rat (D:1)
29 creatures vanquished.

Notes
Turn   | Place    | Note
-------+----------+-------------------------------------------
     0 | D:1      | Descartes the Troll Arcane Marksman began the quest for the
                  | Orb.
     0 | D:1      | Reached XP level 1. HP: 18/18 MP: 1/1
   121 | D:1      | Reached skill level 1 in Fighting
   121 | D:1      | Reached XP level 2. HP: 9/27 MP: 2/2
   367 | D:1      | Found a faded altar of an unknown god.
   665 | D:2      | Reached skill level 1 in Unarmed Combat
   676 | D:2      | Noticed Natasha
   677 | D:2      | You fall into a shaft and drop 2 floors!
   758 | D:4      | Reached XP level 3. HP: 33/33 MP: 3/3
   765 | D:3      | Found a blossoming altar of Fedhas.
   795 | D:4      | Found a sparkling altar of Nemelex Xobeh.
   936 | D:3      | Found a transporter.
  1019 | D:3      | Noticed Robin
  1036 | D:3      | Slain by Robin

Illustrated notes

Levels and vault maps discovered:
D:1:      dpeg_arrival_long_road, layout_loops_ring,
          shapermc_ecumenical_altar_petra
D:2:      layout_rooms, basic_altar, serial_corexii_hall,
          corexii_hall_statues_l, corexii_hall_statues_t, uniq_natasha,
          uniq_terence
D:3:      gammafunk_wand_slinger, layout_basic, nicolae_overflow_hidden_temple,
          uniq_robin
D:4:      layout_cave_pods, old_standard_altar,
          mainiacjoe_overflow_small_starburst

Skill      XL: |  1  2 |
---------------+-------+-----
Fighting       | 1 |  1.2
Throwing       | 2 |  2.1
Unarmed Combat | 1 |  1.0
Dodging        | |  1.9
Spellcasting   | |  1.2
Hexes          | |  2.1

Action                   || total
-------------------------++-------
Melee: Unarmed           ||    89
       Punch             ||     2
Armor: Robe              ||    48
Dodge: Dodged            ||    49
